 Dungeon Crawl Stone Soup version 0.30-a0-802-gb92711bcdf (webtiles) character file.

Game seed: 12982341544576074891

377 jasper the Chopper (level 6, -6/38 HPs)
             Began as a Tengu Fighter on Feb 24, 2023.
             Was an Initiate of Okawaru.
             Mangled by a gnoll sergeant
             ... wielding a +0 spear
              (9 damage)
             ... on level 4 of the Dungeon.
             The game lasted 00:07:47 (3358 turns).

jasper the Chopper (Tengu Fighter)                  Turns: 3358, Time: 00:07:48

Health: -6/38      AC:  9    Str: 19    XL:     6   Next: 73%
Magic:  7/7        EV:  8    Int:  8    God:    Okawaru [......]
Gold:   284        SH:  5    Dex: 13    Spells: 5/5 levels left

rFire   . . .      SeeInvis .    a - +0 war axe
rCold   . . .      Faith    .    c - +0 buckler
rNeg    . . .      Spirit   .    k - +0 chain mail
rPois   .          Reflect  .    (helmet restricted)
rElec   .          Harm     .    (no cloak)
rCorr   .          Rampage  .    (no gloves)
Will    .....                    (boots unavailable) Stlth
                                 (no amulet)
HPRegen 0.26/turn                (no ring)
MPRegen 0.10/turn                (no ring)

@: flying quickly and evasively, quick
A: beak, talons 3, nimble flight
a: Renounce Religion


You were on level 4 of the Dungeon.
You worshipped Okawaru.
Okawaru was noncommittal.
You visited 2 branches of the dungeon, and saw 5 of its levels.

You collected 284 gold pieces.

Inventory:

Hand Weapons
 a - a +0 war axe (weapon)
 h - a +0 whip
 s - a +0 trident
 u - a +2 heavy flail
Missiles
 e - 41 stones
 m - 3 javelins
 q - 4 boomerangs (quivered)
Armour
 b - a +0 scale mail
 c - a +0 buckler (worn)
 k - a +0 chain mail (worn)
Wands
 x - a wand of roots (9)
Scrolls
 d - a scroll of magic mapping {unknown}
 f - 2 scrolls of identify {unknown}
 g - 2 scrolls of teleportation {unknown}
 j - 3 scrolls of fog {unknown}
 l - 2 scrolls of torment {unknown}
 o - 2 scrolls of immolation {unknown}
 r - a scroll of noise {unknown}
 v - a scroll of amnesia {unknown}
 y - a scroll of brand weapon {unknown}
Potions
 n - a potion of degeneration {unknown}
 p - a potion of flight {unknown}
 t - a potion of resistance {unknown}
 w - a potion of haste {unknown}
 z - a potion of attraction {unknown}
 A - a potion of ambrosia {unknown}


   Skills:
 + Level 4.1 Fighting
 * Level 5.1 Axes
 + Level 4.6 Armour
 + Level 4.2 Shields


You had 5 spell levels left.
You didn't know any spells.
Your spell library was empty.

Dungeon Overview and Level Annotations

Branches:
Dungeon (4/15)             Temple (1/1) D:4

Altars:
Elyvilon
Okawaru
Ru
Sif Muna
Xom
Yredelemnul
Zin

Annotations:
D:2 Sigmund


Innate Abilities, Weirdness & Mutations

You have a beak for a mouth.
You have claws for feet.
Your magical nature lets you fly swiftly and evasively.


Message History

The gnoll hits you with a +0 spear.
You take 11 damage, and have 26/38 hp.
MASSIVE DAMAGE!!
You hit the gnoll sergeant. The gnoll sergeant blocks your attack.
The gnoll sergeant is heavily wounded.
You closely miss the gnoll.
The gnoll sergeant hits you with a +0 spear.
The gnoll barely misses you. The gnoll sergeant blocks your attack.
Your peck misses the gnoll sergeant.
The gnoll sergeant is heavily wounded.
You hit the gnoll.
The gnoll sergeant hits you but does no damage.
The gnoll hits you with a +0 spear.
You take 2 damage, and have 24/38 hp.
You hit the gnoll sergeant.
You claw the gnoll sergeant, but do no damage.
You peck the gnoll sergeant, but do no damage.
The gnoll sergeant is severely wounded.
You closely miss the gnoll. You block the gnoll sergeant's attack.
The gnoll barely misses you.
You hit the gnoll sergeant. The gnoll sergeant blocks your attack.
The gnoll sergeant is severely wounded.
You barely miss the gnoll.
The gnoll sergeant hits you but does no damage.
The gnoll hits you with a +0 spear.
The gnoll sergeant hits you with a +0 spear!
The gnoll hits you with a +0 spear.
* * * LOW HITPOINT WARNING * * *
You take 14 damage, and have 10/38 hp.
MASSIVE DAMAGE!!
You hit the gnoll sergeant.
You peck the gnoll sergeant, but do no damage.
The gnoll sergeant is almost dead.
You hit the gnoll.
The gnoll sergeant hits you with a +0 spear!
* * * LOW HITPOINT WARNING * * *
You block the gnoll's attack.
You take 8 damage, and have 2/38 hp.
MASSIVE DAMAGE!!
The gnoll sergeant hits you but does no damage.
The gnoll closely misses you.
The gnoll sergeant hits you from afar with a +0 spear!
You die...

#...# ##.###.#### #.# #...#
#≈≈≈≈≈≈≈≈≈# #.# ###.# #≈##≈≈≈##≈#
#.# #.####≈#######≈# #>#
###.....≈≈#.( #≈≈# #.#
.......#≈≈#.. #≈≈# #.#
########≈≈#.g #≈≈###.#
####[...≈###)###≈....#
........≈##≈g≈##@#####
###.....≈≈≈≈g≈≈≈≈## ###
#..........gg...# #..
#........#####..# ##.# #........#
#..#### #..# ###........# #.....#
#..# ....######.# #..##.# #..+
........##.#####..##.#########.##
.######.##........##)...........#


You could see a gnoll sergeant and 2 gnolls.

Vanquished Creatures
  A black bear (D:4)
  2 orc priests
  A hound (D:3)
  An iguana (D:3)
  5 adders
  A gnoll (D:4)
  3 worms
  2 dart slugs
  9 orcs
  10 endoplasms
  A giant cockroach (D:3)
  7 hobgoblins
  3 jackals (D:2)
  4 quokkas
  7 ball pythons
  2 bats
  9 frilled lizards
  8 goblins
  6 kobolds
  4 rats
86 creatures vanquished.

Vanquished Creatures (others)
  An orc priest (D:3)
  An adder (D:3)
  An orc (D:3)
  A goblin (D:3)
4 creatures vanquished.

Grand Total: 90 creatures vanquished

Notes
Turn   | Place    | Note
-------+----------+-------------------------------------------
     0 | D:1      | jasper the Tengu Fighter began the quest for the Orb.
     0 | D:1      | Reached XP level 1. HP: 14/14 MP: 2/2
   118 | D:1      | Reached XP level 2. HP: 19/19 MP: 3/3
   479 | D:1      | Found a faded altar of an unknown god.
   676 | D:2      | Reached XP level 3. HP: 16/23 MP: 4/4
   696 | D:2      | Reached skill level 3 in Axes
  1083 | D:2      | Reached XP level 4. HP: 28/28 MP: 5/5
  1419 | D:2      | Noticed Sigmund
  1827 | D:3      | Reached skill level 4 in Axes
  1827 | D:3      | Gained mutation: Your magical nature lets you fly swiftly
                  | and evasively. [Tengu growth]
  1827 | D:3      | Reached XP level 5. HP: 33/33 MP: 6/6
  2738 | D:4      | Found a staircase to the Ecumenical Temple.
  2745 | D:4      | Reached XP level 6. HP: 38/38 MP: 7/7
  2756 | Temple   | Entered the Ecumenical Temple
  2796 | Temple   | Became a worshipper of Warmaster Okawaru
  2992 | D:4      | Found a shimmering blue altar of Sif Muna.
  2993 | D:4      | Found a basalt altar of Yredelemnul.
  3150 | D:4      | Noticed a black bear
  3157 | D:4      | Killed a black bear
  3158 | D:4      | Reached skill level 5 in Axes
  3298 | D:4      | Found a shimmering altar of Xom.
  3358 | D:4      | Mangled by a gnoll sergeant

Illustrated notes

Levels and vault maps discovered:
D:1:      lightli_arrival_flooded_house, layout_rooms,
          hellmonk_ecumenical_altar_run_dry
D:2:      layout_basic, chequers_serial_rivers_micro_e, uniq_sigmund
D:3:      layout_loops_corners, lemuel_flame_loot_1
D:4:      layout_loops_ring, kennysheep_little_box,
          nicolae_overflow_two_pavilions, minmay_temple_entry_proselytizer,
          lightli_minifort
Temple:   hellmonk_temple_forest_ring

Skill      XL: |  1  2  3  4  5  6 |
---------------+-------------------+-----
Axes           | 3 4 5 |  5.1
Armour         | 4 |  4.6
Shields        | 4 |  4.2
Fighting       | 4 |  4.1

Action                     |  1- 3 |  4- 6 || total
---------------------------+-------+-------++-------
  Melee: War axe           |    75 |    83 ||   158
         Kick              |    15 |    30 ||    45
         Peck              |     6 |    16 ||    22
  Throw: Stone             |     9 |     5 ||    14
         Boomerang         |       |    85 ||    85
    Use: Potion            |     1 |     2 ||     3
 Armour: Scale mail        |     8 |       ||     8
         Chain mail        |    40 |    25 ||    65
  Dodge: Dodged            |    27 |    29 ||    56
  Block: Buckler           |    14 |    22 ||    36

Table legend: (Time is in decaauts)
 A = Elapsed time spent in this place.
 B = Non-inter-level travel time spent in this place.
 C = Inter-level travel time spent in this place.
 D = Time resting spent in this place.
 E = Time spent auto-exploring this place.
 F = Levels seen in this place.
 G = Mean time per level.
                   A        B        C        D        E       F      G
               +--------+--------+--------+--------+--------+-----+--------+
         Total |   3321 |   3208 |    113 |    179 |   2296 |   5 |  664.2 |
       Dungeon |   3271 |   3181 |     90 |    179 |   2275 |   4 |  817.8 |
        Temple |     50 |     27 |     23 |      0 |     20 |   1 |   50.0 |
               +--------+--------+--------+--------+--------+-----+--------+

Top non-repeatable levels by time:
     D:3: 1087 daAuts
     D:2: 833 daAuts
     D:1: 775 daAuts
     D:4: 574 daAuts
  Temple: 50 daAuts
